 Dungeon Crawl Stone Soup version 0.28.0-53-g5a82cb258f (webtiles) character file.

Game seed: 2578492026544907262

73 issech the Chopper (level 4, -2/40 HPs)
             Began as a Minotaur Monk on June 6, 2022.
             Slain by Sigmund
             ... wielding a +0 scythe
              (10 damage)
             ... on level 2 of the Dungeon.
             The game lasted 00:04:55 (2000 turns).

issech the Chopper (Minotaur Monk)                  Turns: 2000, Time: 00:04:56

Health: -2/40      AC:  5    Str: 15    XL:     4   Next: 8%
Magic:  3/3        EV: 12    Int:  7    God:
Gold:   79         SH:  0    Dex: 15    Spells: 3/3 levels left

rFire   . . .      SeeInvis .   a - +0 hand axe
rCold   . . .      Faith    .   (no shield)
rNeg    . . .      Spirit   .   d - +0 ring mail
rPois   +          Reflect  .   (helmet restricted)
rElec   .          Harm     .   (no cloak)
rCorr   .          Rampage  .   (no gloves)
Will    .....                   (no boots)
Stlth   +.........              (no amulet)
HPRegen 0.13/turn               h - ring of poison resistance
MPRegen 0.08/turn               (no ring)

@: no status effects
A: horns 2, retaliatory headbutt
a: no special abilities


You were on level 2 of the Dungeon.
You visited 1 branch of the dungeon, and saw 2 of its levels.

You collected 79 gold pieces.

Inventory:

Hand Weapons
 a - a +0 hand axe (weapon)
 g - a +0 hunting sling
Missiles
 c - 35 stones (quivered)
Armour
 b - a +0 robe
 d - a +0 ring mail (worn)
Jewellery
 h - a ring of poison resistance (left hand)
Scrolls
 i - a scroll of identify {unknown}
Potions
 e - a potion of degeneration {unknown}
 f - a potion of berserk rage {unknown}


   Skills:
 + Level 4.2 Fighting
 + Level 4.7 Axes
 + Level 1.0 Armour
 + Level 3.9 Dodging
 + Level 1.7 Stealth


You had 3 spell levels left.
You didn't know any spells.
Your spell library was empty.

Dungeon Overview and Level Annotations

Branches:
Dungeon (2/15)

Altars:

Annotations:
D:2 Sigmund


Innate Abilities, Weirdness & Mutations

You have a pair of horns on your head.
You reflexively headbutt those who attack you in melee.


Message History

You closely miss Sigmund.
Sigmund is lightly wounded.
Sigmund misses you. You furiously retaliate!
You headbutt Sigmund! You completely miss Sigmund.
Sigmund is heavily wounded.
Sigmund asks, "Do you like me?" Sigmund casts a spell at you.
You are confused.
Found a fizzy golden potion.
Sigmund misses you.
You bump into the rock wall.
Sigmund completely misses you.
You bump into the rock wall.
Sigmund gestures wildly while chanting.
Sigmund flickers and vanishes!
Deactivating autopickup; reactivate with Ctrl-A.
You completely miss something.
You feel less confused. Something hits you!
You hit something. Something hits you!
You miss something. Your headbutt misses something. You hit something.
Something hits you.
You hit something. Your headbutt misses something. Something hits you.
You hit something but do no damage. You headbutt something.
You barely miss something. Something hits you.
You closely miss something. Something hits you but does no damage.
You miss something. Your headbutt misses something.
You hear some strange, mumbled words.
Something tries to affect you, but you resist.
You barely miss something. You closely miss something.
Your headbutt misses something. Something hits you but does no damage.
You barely miss something. You barely miss something.
Your headbutt misses something. Something hits you but does no damage.
You hit something. Something hits you but does no damage.
You hit something. Your headbutt misses something. Something hits you!
* * * LOW HITPOINT WARNING * * *
You barely miss something. You hit something. Something hits you!
You die...

#)# ... ##.## ....
.)))# .. #####....
##..## ... #........
##).##.##.# #<..#
##..##.##.######..##
...................##
....####....####....#
#...# #.....##<@{.##
###.# #........#.##
###.# #.....##....#
....#
#....####.......
########..###
######.. #.....# #!.
#.....# . ## #...#.#
.# ##.##.#


There were no monsters in sight!

Vanquished Creatures
  Robin (D:2)
  2 dart slugs (D:1)
  5 bats (D:1)
  3 endoplasms (D:1)
  10 goblins
  3 hobgoblins
  8 jackals
  6 kobolds
  4 quokkas (D:1)
  3 ball pythons (D:1)
  5 rats (D:1)
50 creatures vanquished.

Notes
Turn   | Place    | Note
-------+----------+-------------------------------------------
     0 | D:1      | issech the Minotaur Monk began the quest for the Orb.
     0 | D:1      | Reached XP level 1. HP: 19/19 MP: 0/0
   285 | D:1      | Reached XP level 2. HP: 27/27 MP: 1/1
   814 | D:1      | Reached XP level 3. HP: 31/33 MP: 2/2
  1306 | D:2      | Noticed Robin
  1317 | D:2      | Killed Robin
  1320 | D:2      | Reached skill level 1 in Armour
  1586 | D:2      | Reached XP level 4. HP: 40/40 MP: 3/3
  1658 | D:2      | Noticed Sigmund
  2000 | D:2      | Slain by Sigmund

Illustrated notes

Levels and vault maps discovered:
D:1:      minmay_arrival_open_corners, layout_basic
D:2:      layout_loops_ring, minmay_between, uniq_sigmund, uniq_robin

Skill      XL: |  1  2  3 |
---------------+----------+-----
Axes           | 4 |  4.7
Fighting       | 4 |  4.2
Armour         | 1 |  1.0
Dodging        | |  3.9
Stealth        | |  1.7

Action                   |  1- 3 |  4- 6 || total
-------------------------+-------+-------++-------
Melee: Hand axe          |    79 |    28 ||   107
       Headbutt          |    19 |     3 ||    22
       Punch             |     1 |       ||     1
 Stab: Sleeping          |     1 |       ||     1
Armor: Robe              |     2 |       ||     2
       Ring mail         |    28 |     6 ||    34
Dodge: Dodged            |    66 |    13 ||    79
